 Dungeon Crawl Stone Soup version bcrawl-1.19.1 (webtiles) character file.

Game seed: 11939498721499320955

686 Revguard the Slasher (level 7, 0/52 HPs)
             Began as a Demonspawn Skald on Nov 28, 2019.
             Slain by a gnoll
             ... wielding a +0 halberd of flaming
              (2 damage)
             ... on level 4 of the Dungeon.
             The game lasted 00:10:51 (3345 turns).

Revguard the Slasher (Demonspawn Skald)             Turns: 3345, Time: 00:10:51

Health: 0/52       AC: 11    Str: 12    XL:     7   Next: 35%
Magic:  1/11       EV: 12    Int: 14    God:
Gold:   230        SH:  1    Dex: 14    Spells: 3/12 levels left

rFire    . . .     SeeInvis .   a - +1 falchion
rCold    . . .     Gourm    .   (no shield)
rNeg     . . .     Faith    .   b - +0 leather armour
rPois    .         Spirit   .   g - +1 helmet
rElec    .         Reflect  .   j - +0 cloak
rCorr    .         Harm     .   (no gloves)
MR       .....                  k - +0 pair of boots
Stlth    +.........             (no amulet)
HPRegen  1.17/turn              h - +4 ring of slaying
MPRegen  0.12/turn              n - ring of wizardry

@: regenerating (expiring), glowing
A: talons 1, iridescent scales 2
a: no special abilities


You were on level 4 of the Dungeon.
You were hungry.

You visited 1 branch of the dungeon, and saw 4 of its levels.

You collected 230 gold pieces.

Inventory:

Hand Weapons
 a - a +1 falchion (weapon)
Armour
 b - a +0 leather armour (worn)
 g - a +1 helmet (worn)
 j - a +0 cloak (worn)
 k - a +0 pair of boots (worn)
Jewellery
 h - a +4 ring of slaying (left hand)
 n - a ring of wizardry (right hand)
Scrolls
 d - 3 scrolls of fear
 e - a scroll of amnesia {unknown}
 i - a scroll of noise {unknown}
 l - 2 scrolls of remove curse
 m - a scroll of teleportation
 o - a scroll of identify
Potions
 c - a potion of brilliance
 p - a potion of degeneration {unknown}
Comestibles
 f - 9 rations {!d}


   Skills:
 + Level 3.4 Fighting
 + Level 4.3 Long Blades
 + Level 2.4 Armour
 + Level 2.6 Dodging
 + Level 3.0 Spellcasting
 + Level 0.1 Hexes
 + Level 3.5 Charms
 * Level 3.4 Necromancy


You had 3 spell levels left.
You knew the following spells:

 Your Spells              Type           Power        Failure   Level  Hunger
a - Infusion              Chrm           ##......     2%          1    #......
b - Song of Slaying       Chrm           ##......     4%          2    ##.....
c - Regeneration          Chrm/Necr      ##........   8%          3    ###....
d - Spectral Weapon       Hex/Chrm       #.......     16%         3    ###....

Your spell library contained the following spells:

 Spells                   Type           Power        Failure   Level  Hunger
 Ozocubu's Armour         Chrm/Ice       #.......     16%         3    ###....


Dungeon Overview and Level Annotations

Branches:
Dungeon (4/12)
 Temple: D:4-7

Altars:


Innate Abilities, Weirdness & Mutations

You have sharp toenails.
You are mostly covered in iridescent scales. (AC +4)


Message History

The gnoll shaman is moderately wounded.
Your skin is crawling a little less now.
The gnoll hits you from afar with a +0 halberd of flaming.
* * * LOW HITPOINT WARNING * * *
The gnoll burns you.
* * * LOW HITPOINT WARNING * * *
The gnoll shaman calls down the wrath of its god upon you.
You are outlined in light.
You closely miss the gnoll shaman.
The gnoll shaman is moderately wounded.
The gnoll hits you but does no damage.
The gnoll shaman hits you with a +0 club!
* * * LOW HITPOINT WARNING * * *
The phantom blinks!
You see here a yellow potion.
p - a yellow potion The gnoll hits you from afar with a +0 halberd of flaming.
* * * LOW HITPOINT WARNING * * *
The gnoll burns you.
You die...

#..#g#.######.
..######
#.............
..##
#...###ยง###...
#.. ##.# #>.#
.. ... ##.#
###... ...
#g##.... ...
#g#..# ...
#.g.# #.@.#
#...# #...#
#...# #####


You could see a gnoll shaman and 2 gnolls.

Vanquished Creatures
  A phantom (D:4)
  An ogre (D:4)
  2 howler monkeys (D:4)
  A crimson imp (D:4)
  A quasit (D:4)
  2 hounds
  A jelly (D:3)
  An iguana (D:4)
  2 orc wizards (D:3)
  2 worker ants (D:4)
  A gnoll (D:4)
  4 adders
  An ooze (D:1)
  An adder skeleton (D:4)
  3 worms
  5 dart slugs
  4 leopard geckos
  3 orcs
  5 bats
  4 giant cockroaches
  3 goblins
  11 hobgoblins
  9 jackals
  5 quokkas
  2 ball pythons
  4 frilled lizards
  3 kobolds
  6 rats
88 creatures vanquished.

Vanquished Creatures (others)
  A spectral weapon (D:4)
1 creature vanquished.

Grand Total: 89 creatures vanquished

Notes
Turn   | Place    | Note
-------+----------+-------------------------------------------
     0 | D:1      | Revguard the Demonspawn Skald began the quest for the Orb.
     0 | D:1      | Reached XP level 1. HP: 16/16 MP: 3/3
     1 | D:1      | Noticed an electric eel
    28 | D:1      | Reached skill level 2 in Long Blades
   217 | D:1      | Gained mutation: You are partially covered in iridescent
                  | scales. (AC +2) [demonic ancestry]
   217 | D:1      | Reached XP level 2. HP: 22/22 MP: 5/5
   224 | D:1      | Learned a level 2 spell: Song of Slaying
   650 | D:1      | Reached skill level 1 in Armour
   693 | D:1      | Reached XP level 3. HP: 27/27 MP: 6/6
   791 | D:1      | Learned a level 3 spell: Regeneration
  1535 | D:2      | Reached XP level 4. HP: 34/34 MP: 0/7
  2010 | D:3      | Reached skill level 3 in Long Blades
  2010 | D:3      | Reached skill level 1 in Necromancy
  2095 | D:3      | Gained mutation: You are mostly covered in iridescent
                  | scales. (AC +4) [demonic ancestry]
  2095 | D:3      | Reached XP level 5. HP: 32/39 MP: 6/8
  2992 | D:4      | Noticed a phantom
  2995 | D:4      | Noticed an ogre
  3000 | D:4      | Reached XP level 6. HP: 47/47 MP: 3/9
  3013 | D:4      | Reached skill level 4 in Long Blades
  3143 | D:4      | Gained mutation: You have sharp toenails. [demonic
                  | ancestry]
  3143 | D:4      | Reached XP level 7. HP: 47/52 MP: 11/11
  3148 | D:4      | Learned a level 3 spell: Spectral Weapon
  3345 | D:4      | HP: 2/52 [gnoll/+0 halberd of flaming (4)]
  3345 | D:4      | Slain by a gnoll

Skill      XL: |  1  2  3  4  5  6  7 |
---------------+----------------------+-----
Long Blades    | 2 3 4 |  4.3
Armour         | 1 2 |  2.4
Dodging        | 2 |  2.6
Charms         | 3 |  3.5
Necromancy     | 1 2 3 |  3.4
Fighting       | 3 |  3.4
Spellcasting   | 3 |  3.0
Hexes          | |  0.1

Action                   |  1- 3 |  4- 6 |  7- 9 || total
-------------------------+-------+-------+-------++-------
Melee: Falchion          |   164 |   105 |    50 ||   319
 Cast: Infusion          |     5 |       |       ||     5
       Song of Slaying   |     2 |     3 |     2 ||     7
       Regeneration      |     2 |     5 |     3 ||    10
       Spectral Weapon   |       |       |     3 ||     3
  Use: Scroll            |       |     5 |       ||     5
       Potion            |       |     2 |       ||     2
 Stab: Sleeping          |     2 |       |       ||     2
  Eat: Chunk             |     3 |     6 |     1 ||    10
Armor: Leather armour    |   101 |    47 |    23 ||   171
Dodge: Dodged            |   148 |    87 |    44 ||   279
Block: Other             |       |     2 |       ||     2
